 Dungeon Crawl Stone Soup version 0.32-a0-900-g30fb1b0edc (webtiles) character file.

Game seed: 8822186371501463046

119 Griffin23 the Covered (level 4, -10/41 HPs)
             Began as a Minotaur Fighter on Apr 5, 2024.
             Mangled by an ogre
             ... wielding a +0 giant club
              (15 damage)
             ... on level 3 of the Dungeon.
             The game lasted 00:02:33 (2524 turns).

Griffin23 the Covered (Minotaur Fighter)            Turns: 2524, Time: 00:02:34

Health: -10/41     AC: 12    Str: 23    XL:     4   Next: 73%
Magic:  12/12      EV:  5    Int:  5    God:
Gold:   83         SH:  4    Dex:  9    Spells: 3/3 levels left

rFire   . . .        a - +0 long sword
rCold   . . .        c - +0 buckler
rNeg    . . .        k - +0 plate armour
rPois   .            (helmet restricted)
rElec   .            (no cloak)
rCorr   +            (no gloves)
SInv    .            (no boots)
Will    .....        (no amulet) Stlth
                     f - ring of magical power
HPRegen 0.26/turn    u - ring of resist corrosion
MPRegen 0.13/turn

%: no passive effects
@: no status effects
A: horns 2, retaliatory headbutt
a: no special abilities


You were on level 3 of the Dungeon.
You visited 1 branch of the dungeon, and saw 3 of its levels.

You collected 83 gold pieces.

Inventory:

Hand Weapons
 a - a +0 long sword (weapon)
Armour
 b - a +0 scale mail
 c - a +0 buckler (worn)
 k - a +0 plate armour (worn)
Jewellery
 f - a ring of magical power (left hand)
 u - a ring of resist corrosion (right hand)
 v - a ring of flight
 x - an amulet of the acrobat
Wands
 w - a wand of flame (10)
Scrolls
 e - a scroll of amnesia {unknown}
 g - 2 scrolls of identify {unknown}
 h - 4 scrolls of teleportation {unknown}
 j - 2 scrolls of brand weapon {unknown}
 l - a scroll of enchant weapon {unknown}
 p - 3 scrolls of poison {unknown}
 t - a scroll of revelation {unknown}
 y - a scroll of vulnerability {unknown}
Potions
 d - a potion of magic {unknown}
 i - 2 potions of attraction {unknown}
 m - 3 potions of lignification {unknown}
 n - a potion of mutation {unknown}
 o - a potion of curing {unknown}
 q - a potion of might
 r - a potion of heal wounds {unknown}
 s - a potion of ambrosia {unknown}


   Skills:
 + Level 4.4 Fighting
 * Level 4.1 Long Blades
 + Level 4.4 Armour
 + Level 4.4 Shields


You had 3 spell levels left.
You didn't know any spells.
Your spell library contained the following spells:

 Spells                   Type           Power      Damage    Failure   Level
 Freeze                   Ice            0%         1d3       100%        1
 Frozen Ramparts          Ice            0%         1d1       100%        3
 Hailstorm                Conj/Ice       0%         3d5       100%        3


Dungeon Overview and Level Annotations

Branches:
Dungeon (3/15)

Altars:

Shops:
D:3 (


Innate Abilities, Weirdness & Mutations

You have a pair of horns on your head.
You reflexively headbutt those who attack you in melee.


Message History

A hobgoblin is nearby!
You hit the hobgoblin.
You kill the hobgoblin!
As you open the door, it creaks loudly!
No target in view!
There is an open door here.
You open the door.
A ribbon worm comes into view.
There is an open door here.
A ribbon worm is nearby!
The ribbon worm bites you.
A ribbon worm is nearby!
You barely miss the ribbon worm. You headbutt the ribbon worm!
The ribbon worm is severely wounded.
The ribbon worm bites you but does no damage.
A ribbon worm is nearby!
You hit the ribbon worm. You headbutt the ribbon worm.
You kill the ribbon worm!
You see here a ribbon worm corpse.
Found a stone staircase leading down.
No target in view!
There is a stone staircase leading down here.
m - 3 bubbling emerald potions (gained 1)
An ogre comes into view. It is wielding a +0 giant club.
The ogre shouts!
An ogre is nearby!
Found a war axe.
An ogre is nearby!
The ogre hits you with a +0 giant club!
An ogre is nearby!
You slash the ogre!
The ogre is moderately wounded.
The ogre hits you with a +0 giant club!!
* * * LOW HITPOINT WARNING * * *
You are too injured to fight recklessly!
You are too injured to fight recklessly!
You hit the ogre. You headbutt the ogre!
The ogre is severely wounded.
The ogre hits you with a +0 giant club!
You die...

###################..............
#...####.####.. #..#####.##....
#..........†### ##.#####.#.....
#.......'..... #####
#.......#.....
#.....#####.......######
#.....O@..........'.....
#)................##....
#...........########....
............# ###....
....#######.# ####...... ....
#..##......... ... ##..#.ß.....ß.
.. #........... #.........


You could see an ogre.

Vanquished Creatures
  Robin (D:2)
  2 adders (D:2)
  4 dart slugs
  2 ribbon worms
  2 orcs (D:3)
  4 bats
  4 endoplasms
  4 giant cockroaches
  12 goblins
  10 hobgoblins
  2 jackals (D:1)
  6 kobolds
  3 quokkas
  4 ball pythons
  5 frilled lizards
  5 rats (D:3)
70 creatures vanquished.

Notes
Turn   | Place    | Note
-------+----------+-------------------------------------------
     0 | D:1      | Griffin23 the Minotaur Fighter began the quest for the Orb.
     0 | D:1      | Reached XP level 1. HP: 19/19 MP: 0/0
    77 | D:1      | Reached XP level 2. HP: 21/27 MP: 1/1
   741 | D:2      | Reached XP level 3. HP: 28/33 MP: 2/2
   843 | D:2      | Noticed Robin
   857 | D:2      | Killed Robin
   865 | D:2      | Reached XP level 4. HP: 7/40 MP: 3/3
  1750 | D:3      | Found a faded altar of an unknown god.
  2027 | D:3      | Found Dischok's Weapon Emporium.
  2519 | D:3      | Noticed an ogre
  2524 | D:3      | Mangled by an ogre

Illustrated notes

Levels and vault maps discovered:
D:1:      scummos_arrival_hexagon, layout_rooms, minmay_misc_feat_rugged,
          minivault_5, grunt_decor_one_mirror
D:2:      layout_loops_cross, chequers_garden, minmay_fractal_squares_gapless_5,
          uniq_robin
D:3:      layout_basic, serial_shops, shop, nicolae_ecumenical_pavilion,
          st_stairs_1, minmay_cupped

Skill      XL: |  1  2  3  4 |
---------------+-------------+-----
Long Blades    | 3 4 |  4.1
Armour         | 4 |  4.4
Fighting       | 4 |  4.4
Shields        | 4 |  4.4

Action                     |  1- 3 |  4- 6 || total
---------------------------+-------+-------++-------
  Melee: Long sword        |    82 |    71 ||   153
         Headbutt          |     8 |    16 ||    24
    Use: Potion            |     1 |       ||     1
 Armour: Scale mail        |    34 |       ||    34
         Plate armour      |    48 |    68 ||   116
  Dodge: Dodged            |    34 |    23 ||    57
  Block: Buckler           |    23 |    11 ||    34

Table legend: (Time is in decaauts)
 A = Elapsed time spent in this place.
 B = Non-inter-level travel time spent in this place.
 C = Inter-level travel time spent in this place.
 D = Time resting spent in this place.
 E = Time spent auto-exploring this place.
 F = Levels seen in this place.
 G = Mean time per level.
                   A        B        C        D        E       F      G
               +--------+--------+--------+--------+--------+-----+--------+
         Total |   2562 |   2418 |    144 |      0 |   1992 |   3 |  854.0 |
       Dungeon |   2562 |   2418 |    144 |      0 |   1992 |   3 |  854.0 |
               +--------+--------+--------+--------+--------+-----+--------+

Top non-repeatable levels by time:
     D:2: 1040 daAuts
     D:3: 784 daAuts
     D:1: 736 daAuts
